 Dungeon Crawl Stone Soup version 0.29-a0-284-gf9362112df (webtiles) character file.

Game seed: 16695482231792563643

1977 Gorgormcgor the Gusty (level 9, -4/47 HPs)
             Began as a Tengu Air Elementalist on Mar 18, 2022.
             Was a Follower of Ashenzari.
             Killed from afar by an acid dragon (28 damage)
             ... with a splash of acid
             ... on level 8 of the Dungeon.
             The game lasted 00:48:03 (6986 turns).

Gorgormcgor the Gusty (Tengu Air Elementalist)      Turns: 6986, Time: 00:48:03

Health: -4/47      AC:  2    Str:  8    XL:     9   Next: 20%
Magic:  19/28      EV: 16    Int: 26    God:    Ashenzari [*.....]
Gold:   307        SH:  0    Dex: 12    Spells: 5/20 levels left

rFire   . . .      SeeInvis .   q - +3 hunting sling of Watchfulness {venom, rPois Int+8 Dex-5}
rCold   + . .      Faith    .   (no shield)
rNeg    . . .      Spirit   .   E - +0 robe {rC+}
rPois   +          Reflect  .   (helmet restricted)
rElec   .          Harm     .   (no cloak)
rCorr   .          Rampage  .   (no gloves)
Will    .....                   (boots unavailable)
Stlth   ++........              d - amulet "Behold Eternity" {Acrobat, Self, Evo} (curse)
HPRegen 0.15/turn               j - ring "Share My Regret" {AC+4, Cun, Alch} (curse)
MPRegen 0.21/turn               A - ring of magical power

@: corroded, flying quickly and evasively, quick
A: beak, talons 3, nimble flight
a: Renounce Religion, Shatter the Chains


You were on level 8 of the Dungeon.
You worshipped Ashenzari.
Ashenzari was aware of your devotion.
You visited 1 branch of the dungeon, and saw 8 of its levels.

You collected 307 gold pieces.

Inventory:

Hand Weapons
 m - a +0 falchion
 q - the +3 hunting sling of Watchfulness (weapon) {venom, rPois Int+8 Dex-5}
   (You found it on level 3 of the Dungeon)

   Any ammunition fired from it poisons the flesh of those it strikes.
   Int:       It affects your intelligence (+8).
   Dex:       It affects your dexterity (-5).
   rPois:     It protects you from poison.
Missiles
 l - 3 boomerangs
 C - a curare-tipped dart
 D - 16 poisoned darts
Armour
 a - a +1 robe
 g - a +0 buckler
 E - a +0 robe of cold resistance (worn)
Jewellery
 d - the cursed amulet "Behold Eternity" (around neck) {Acrobat, Self, Evo}
   (You found it on level 1 of the Dungeon)

   [amulet of the acrobat]

   It increases your evasion while moving and waiting.
   It has a curse which improves the following skills: Introspection: Fighting
   and Spellcasting.
   Evocations: Evocations.
 j - the cursed ring "Share My Regret" (left hand) {AC+4, Cun, Alch}
   (You found it on level 2 of the Dungeon)

   [ring of protection]

   AC:        It affects your AC (+4).
   It has a curse which improves the following skills: Cunning: Dodging and
   Stealth.
   Alchemy:   Poison Magic and Transmutations.
 A - a ring of magical power (right hand)
Wands
 c - a wand of charming (2)
 x - a wand of digging (4)
Scrolls
 f - 2 scrolls of torment
 i - 4 scrolls of amnesia
 k - 3 scrolls of teleportation
 o - 2 scrolls of magic mapping
 v - a scroll of blinking
 w - a scroll of enchant weapon
 z - 2 scrolls of enchant armour
Potions
 b - a potion of magic
 e - 3 potions of cancellation
 h - a potion of curing
 n - a potion of might
 r - a potion of berserk rage


   Skills:
 - Level 0.9(1.4) Fighting
 - Level 0.1 Long Blades
 + Level 3.9 Slings
 + Level 5.0(5.8) Dodging
 + Level 2.8(3.6) Stealth
 + Level 3.2 Shields
 + Level 5.2(6.0) Spellcasting
 + Level 6.2 Conjurations
 * Level 1.8(2.5) Transmutations
 + Level 6.7 Air Magic
 - Level 2.6(3.4) Evocations


You had 5 spell levels left.
You knew the following spells:

 Your Spells              Type           Power      Damage    Failure   Level
a - Shock                 Conj/Air       100%       1d9       1%          1
b - Static Discharge      Conj/Air       41%        N/A       1%          2
c - Swiftness             Air            43%        N/A       1%          3
d - Airstrike             Air            21%        N/A       4%          4
e - Irradiate             Conj/Tmut      15%        3d19      32%         5

Your spell library contained the following spells:

 Spells                   Type           Power      Damage    Failure   Level
 Sublimation of Blood     Necr           7%         N/A       11%         2
 Petrify                  Tmut/Erth      14%        N/A       38%         4


Dungeon Overview and Level Annotations

Branches:
Dungeon (8/15)
 Temple: D:4-7         Lair: D:8-11

Altars:
Ashenzari
Okawaru
Qazlal
Ru
Trog
Zin

Shops:
D:5 [

Annotations:
D:2 exclusion: downstairs
D:3 Terence
D:4 exclusion: phantom


Innate Abilities, Weirdness & Mutations

You have a beak for a mouth.
You have claws for feet.
Your magical nature lets you fly swiftly and evasively.


Message History

You shoot a sling bullet.
The sling bullet closely misses the orc wizard.
The orc wizard hits you but does no damage.
Fire: q) +3 hunting sling of Watchfulness {venom, rPois Int+8 Dex-5}
Press: ? - help, Q - select action, (/) - cycle Shift-Dir - straight line, f/p - orc wizard
Aim: an orc wizard, wielding a +1 dagger of freezing and wearing a +0 robe (severely wounded, 51% to hit)
You shoot a sling bullet. The sling bullet hits the orc wizard.
You kill the orc wizard!
You hear the brisk hiss of a very distant avalanche of sand.
Fire: q) +3 hunting sling of Watchfulness {venom, rPois Int+8 Dex-5}
Press: ? - help, Q - select action, (/) - cycle Shift-Dir - straight line, f - you Really target yourself?
Okay, then.
Unknown command.
Things that are here:
a +1 dagger of freezing; a +0 robe; an orc corpse
Things that are here:
a +0 trident; a +0 chain mail
Found a stone staircase leading down.
Found 12 gold pieces and a scroll of enchant weapon.
Found a potion of might.
Found a stone staircase leading down.
A two-headed ogre comes into view. It is wielding two +0 giant clubs.
Found a stone staircase leading up.
The two-headed ogre moves out of view.
n - a potion of might
There is a stone staircase leading up here.
An acid dragon comes into view.
The acid dragon roars!
Fire: q) +3 hunting sling of Watchfulness {venom, rPois Int+8 Dex-5}
Press: ? - help, Q - select action, (/) - cycle Shift-Dir - straight line, f - acid dragon
Aim: an acid dragon (59% to hit)
You shoot a sling bullet.
The sling bullet hits the acid dragon but does no damage.
The acid dragon spits acid at you. The splash of acid hits you!
The acid corrodes you!
There is a stone staircase leading up here.
The acid dragon spits acid at you. The splash of acid hits you!!
Ouch! That really hurt!
You die...

#..# #..#
##.D# #..#
#.## #.D## #..
##..## #..#
#...###....
##@...#.....
#............
#............>
##............
#..........#
###........##
.
#.........#..
#...........#
#..........##.


You could see an acid dragon (catching breath).

Vanquished Creatures
  A wyvern (D:8)
  Menkaure (D:5)
  An orc warrior (D:8)
  2 sky beasts (D:6)
  A black bear (D:6)
  A phantom (D:7)
  Blork the orc (D:6)
  A kobold brigand (D:6)
  3 bullfrogs
  A scorpion (D:6)
  A necrophage (D:4)
  6 killer bees
  2 orc priests
  5 hounds
  An iguana (D:4)
  5 orc wizards
  7 adders
  2 shadow imps
  A white imp (D:6)
  An ufetubus (D:6)
  3 dart slugs
  18 orcs
  9 ball pythons
  5 bats
  6 endoplasms
  A giant cockroach (D:4)
  5 goblins
  8 hobgoblins
  4 jackals
  8 kobolds
  7 quokkas
  5 frilled lizards
  4 rats
127 creatures vanquished.

Vanquished Creatures (collateral kills)
  An orc wizard (D:5)
  A kobold (D:3)
  A rat (D:3)
3 creatures vanquished.

Grand Total: 130 creatures vanquished

Notes
Turn   | Place    | Note
-------+----------+-------------------------------------------
     0 | D:1      | Gorgormcgor the Tengu Air Elementalist began the quest for
                  | the Orb.
     0 | D:1      | Reached XP level 1. HP: 10/10 MP: 4/4
   180 | D:1      | Reached XP level 2. HP: 15/15 MP: 1/6
   675 | D:1      | Found a faded altar of an unknown god.
   841 | D:2      | Learned a level 2 spell: Static Discharge
  1031 | D:2      | Reached XP level 3. HP: 20/20 MP: 4/7
  1176 | D:2      | Learned a level 3 spell: Swiftness
  1523 | D:3      | Found a glowing silver altar of Zin.
  1835 | D:3      | Identified the +3 hunting sling of Watchfulness {venom,
                  | rPois Int+8 Dex-5}
  1867 | D:3      | Reached XP level 4. HP: 20/24 MP: 3/8
  1872 | D:3      | Found an iron altar of Okawaru.
  2408 | D:3      | Noticed Terence
  2509 | D:4      | Reached skill level 1 in Slings
  2542 | D:4      | Gained mutation: Your magical nature lets you fly swiftly
                  | and evasively. [Tengu growth]
  2542 | D:4      | Reached XP level 5. HP: 28/28 MP: 3/9
  2763 | D:4      | Noticed a phantom
  2836 | D:4      | Reached skill level 5 in Air Magic
  2836 | D:4      | Reached XP level 6. HP: 33/33 MP: 11/11
  2841 | D:4      | Learned a level 4 spell: Airstrike
  3031 | D:5      | Entered Level 5 of the Dungeon
  3092 | D:5      | Reached skill level 1 in Shields
  3281 | D:5      | Found a bloodstained altar of Trog.
  3513 | D:5      | Noticed Menkaure
  3519 | D:5      | Killed Menkaure
  3520 | D:5      | Reached skill level 1 in Evocations
  3520 | D:5      | Reached XP level 7. HP: 17/37 MP: 5/13
  4017 | D:5      | Found a broken altar of Ashenzari.
  4062 | D:5      | Found Gobefu Jeemp's Antique Armour Shop.
  4088 | D:5      | Found a sacrificial altar of Ru.
  4583 | D:5      | Became a worshipper of Ashenzari the Shackled
  5365 | D:6      | Reached skill level 5 in Conjurations
  5365 | D:6      | Reached XP level 8. HP: 43/43 MP: 15/15
  5875 | D:6      | Found a stormy altar of Qazlal.
  5883 | D:6      | Noticed Blork the orc
  5899 | D:6      | Killed Blork the orc
  6414 | D:6      | Reached * piety under Ashenzari
  6706 | D:7      | Learned a level 5 spell: Irradiate
  6715 | D:8      | Reached skill level 5 in Spellcasting
  6727 | D:7      | Reached skill level 1 in Transmutations
  6909 | D:8      | Reached XP level 9. HP: 25/47 MP: 18/18
  6943 | D:8      | Reached skill level 5 in Dodging
  6968 | D:8      | Noticed a two-headed ogre
  6986 | D:8      | Killed from afar by an acid dragon

Illustrated notes

Levels and vault maps discovered:
D:1:      minmay_arrival_radiant_lines, layout_rooms,
          shapermc_ecumenical_altar_hornbeckon
D:2:      layout_rooms
D:3:      layout_rooms, mainiacjoe_overflow_boulevard,
          okawaru_altar_gauntlet_db, minmay_mini_jars, uniq_terence
D:4:      layout_loops_ring
D:5:      layout_basic, nicolae_ru_sacrificial_ziggurat,
          mainiacjoe_overflow_small_starburst, lemuel_round_altar, serial_shops,
          kennysheep_mini_moat, uniq_menkaure
D:6:      layout_layer_cave, mainiacjoe_overflow_alcove_1,
          palyth_stone_intersect, uniq_blork_the_orc
D:7:      layout_rooms, minmay_temple_entry_wispy, nicolae_figureground_sparkle,
          uniq_maggie
D:8:      layout_rooms, nemelex_diamond_rough_becter, lemuel_crystal_altar,
          nicolae_ossuary_entry_false_entrances, blue_anna_alchemist

Skill      XL: |  1  2  3  4  5  6  7  8  9 |
---------------+----------------------------+-----
Conjurations   | 2 3 4 5 6 |  6.2
Slings         | 1 2 3 |  3.9
Dodging        | 3 4 5 |  5.0
Spellcasting   | 3 4 5 |  5.2
Air Magic      | 5 6 |  6.7
Shields        | 1 2 3 |  3.2
Evocations     | 1 2 |  2.6
Transmutations | 1 |  1.8
Fighting       | |  0.9
Long Blades    | |  0.1
Stealth        | |  2.8

Action                   |  1- 3 |  4- 6 |  7- 9 || total
-------------------------+-------+-------+-------++-------
Melee: Unarmed           |     2 |       |       ||     2
       Kick              |     2 |    16 |       ||    18
       Falchion          |     4 |    58 |     4 ||    66
       Peck              |       |     8 |       ||     8
       Punch             |       |     1 |       ||     1
 Fire: Hunting sling     |       |       |    50 ||    50
 Cast: Shock             |    70 |    46 |    59 ||   175
       Static Discharge  |     4 |    11 |    27 ||    42
       Swiftness         |       |       |     2 ||     2
       Airstrike         |       |       |     3 ||     3
Invok: Curse Item        |       |       |     2 ||     2
Evoke: Wand              |       |     2 |       ||     2
  Use: Scroll            |     5 |     6 |     1 ||    12
       Potion            |       |     1 |     2 ||     3
 Stab: Sleeping          |       |     5 |       ||     5
Armor: Robe              |     3 |    27 |    12 ||    42
Dodge: Dodged            |    15 |    67 |    55 ||   137

Table legend: (Time is in decaauts)
 A = Elapsed time spent in this place.
 B = Non-inter-level travel time spent in this place.
 C = Inter-level travel time spent in this place.
 D = Time resting spent in this place.
 E = Time spent auto-exploring this place.
 F = Levels seen in this place.
 G = Mean time per level.
                   A        B        C        D        E       F      G
               +--------+--------+--------+--------+--------+-----+--------+
         Total |   6760 |   6364 |    396 |   1226 |   3392 |   8 |  845.0 |
       Dungeon |   6760 |   6364 |    396 |   1226 |   3392 |   8 |  845.0 |
               +--------+--------+--------+--------+--------+-----+--------+

Top non-repeatable levels by time:
     D:5: 1628 daAuts
     D:6: 1503 daAuts
     D:3: 1012 daAuts
     D:2: 754 daAuts
     D:1: 705 daAuts
     D:4: 662 daAuts
     D:7: 397 daAuts
     D:8: 96 daAuts
